AoeStats
← Dr. Nick Riviera

Black Forest

506747907Analyzed
4v4 RM · 17d ago on Sep 15, 2026· 62m 46s· 8 players
Game mode
Random Map
Map size
Large (8 player)
Population
200
Speed
Normal
Resources
Standard
Victory
Conquest
Starting age
Dark Age
Ending age
Imperial Age
RankedLock teamsTeams togetherTeam positionsShared explorationLock speedFull tech treeHidden civsTurbo modeCheats
Victory
Defeat
🇨🇱 Celts · Chile
1010
+18
🇹🇼 Slavs · Taiwan
1007
+18
🇨🇱 Goths · Chile
973
+19
🇬🇧 Ethiopians · United Kingdom
944
+20
🇲🇽 Wei · Mexico
1160
-23
🇨🇱 Aztecs · Chile
1038
-19
🇨🇱 Huns · Chile
1025
-18
🇨🇱 Chinese · Chile
944
-15
Sagittal
0:28 Loom
15:56 Feudal Age
16:49 Double-Bit Axe
25:06 Castle Age
23:29 Stone Mining
26:11 Bow Saw
26:36 Horse Collar
28:02 Gold Mining
30:15 Wheelbarrow
33:43 Imperial Age
33:23 Bloodlines
33:19 Husbandry
33:41 Forging
34:02 Scale Barding Armor
36:17 Two-Man Saw
35:18 Onager
37:34 Conscription
39:32 Heavy Scorpion
40:31 Detinets
40:58 Hand Cart
41:09 Elite Boyar
43:36 Siege Engineers
44:32 Chemistry
44:51 Iron Casting
44:37 Chain Barding Armor
47:19 Caravan
47:57 Heavy Plow
49:29 Blast Furnace
49:04 Plate Barding Armor
Quetzalcoatl
10:52 Loom
14:31 Feudal Age
15:51 Horse Collar
15:56 Double-Bit Axe
21:02 Castle Age
21:52 Heavy Plow
24:08 Wheelbarrow
24:28 Bow Saw
25:32 Royal Heirs
28:04 Gold Mining
33:44 Imperial Age
31:17 Scale Mail Armor
31:27 Forging
31:35 Caravan
32:35 Gold Shaft Mining
32:45 Hand Cart
32:49 Forging
33:54 Chain Mail Armor
34:14 Iron Casting
34:03 Elite Shotel Warrior
34:41 Stone Mining
37:08 Chemistry
36:14 Siege Engineers
36:40 Plate Mail Armor
37:11 Blast Furnace
39:29 Two-Man Saw
38:56 Torsion Engines
40:04 Squires
39:49 Arson
43:43 Conscription
54:51 Masonry
54:32 Fletching
55:27 Ballistics
55:19 Careening
56:02 Bodkin Arrow
57:09 Bracer
belen_dhv
0:44 Loom
13:11 Feudal Age
18:49 Castle Age
18:25 Horse Collar
18:32 Double-Bit Axe
20:23 Wheelbarrow
22:53 Elite Skirmisher
41:01 Hand Cart
44:48 Bow Saw
44:32 Gold Mining
45:25 Pikeman
51:31 Heavy Plow
54:46 Imperial Age
54:47 Fletching
54:57 Padded Archer Armor
55:08 Forging
56:10 Forging
56:01 Scale Mail Armor
56:24 Halberdier
58:16 Iron Casting
57:56 Chain Mail Armor
61:03 Gold Shaft Mining
60:19 Stone Mining
61:30 Capped Ram
62:44 Siege Ram
Emkrypted
1:08 Loom
10:48 Feudal Age
13:46 Double-Bit Axe
16:20 Castle Age
14:15 Gold Mining
15:25 Wheelbarrow
14:34 Horse Collar
17:29 Bow Saw
17:45 Heavy Plow
27:50 Scale Mail Armor
36:44 Imperial Age
36:21 Squires
35:42 Pikeman
36:38 Forging
37:17 Hand Cart
37:35 Perfusion
37:56 Conscription
37:32 Town Watch
38:43 Anarchy
39:36 Chain Mail Armor
39:57 Iron Casting
39:15 Halberdier
39:18 Man-at-Arms
39:44 Long Swordsman
43:19 Chemistry
43:32 Blast Furnace
43:12 Fletching
46:37 Elite Huskarl
DrJorgexx
0:28 Loom
12:14 Feudal Age
16:04 Castle Age
13:59 Double-Bit Axe
14:49 Horse Collar
22:53 Wheelbarrow
22:48 Town Watch
23:53 Bow Saw
24:11 Gold Mining
24:24 Stone Mining
25:51 Gold Shaft Mining
25:18 Heavy Plow
26:32 Hand Cart
27:34 Town Patrol
30:47 Imperial Age
29:38 Fletching
29:50 Padded Archer Armor
30:56 Ballistics
31:13 Tuntian
31:47 Leather Archer Armor
31:28 Bodkin Arrow
32:37 Chemistry
32:06 Parthian Tactics
32:05 Conscription
31:52 Scale Mail Armor
32:03 Forging
32:20 Scale Barding Armor
32:16 Bracer
32:27 Thumb Ring
33:31 Ring Archer Armor
33:14 Masonry
32:30 Elite Tiger Cavalry
34:02 Coinage
33:57 Chain Barding Armor
34:13 Iron Casting
35:08 Ming Guang Armor
35:02 Caravan
37:31 Husbandry
37:41 Bloodlines
38:38 Blast Furnace
60:46 Light Cavalry
61:14 Elite Skirmisher
61:48 Hussar
Mitik0
0:57 Loom
19:38 Feudal Age
27:34 Castle Age
25:31 Double-Bit Axe
28:53 Bow Saw
30:07 Fortified Wall
38:56 Wheelbarrow
38:07 Town Watch
38:46 Ballistics
38:14 Horse Collar
40:48 Hand Cart
46:38 Imperial Age
45:19 Fletching
45:29 Padded Archer Armor
45:40 Forging
45:30 Scale Mail Armor
45:35 Scale Barding Armor
45:50 Masonry
45:37 Murder Holes
46:50 Bodkin Arrow
47:10 Leather Archer Armor
49:29 Conscription
48:43 Elite Fire Lancer
50:03 Iron Casting
49:48 Chain Mail Armor
49:34 Bracer
49:49 Squires
49:37 Arson
60:05 Iron Casting
59:46 Chain Mail Armor
60:18 Pikeman
63:18 Blast Furnace
62:48 Plate Mail Armor
62:38 Chain Barding Armor
62:19 Bracer
62:49 Ring Archer Armor
62:30 Husbandry
62:40 Bloodlines
61:51 Light Cavalry
Dr. Nick Riviera
13:02 Feudal Age
14:56 Loom
18:54 Castle Age
18:52 Double-Bit Axe
18:50 Horse Collar
19:02 Gold Mining
19:05 Stone Mining
24:52 Squires
27:59 Pikeman
35:49 Imperial Age
34:31 Wheelbarrow
34:18 Heavy Plow
34:39 Bow Saw
38:02 Forging
37:52 Scale Mail Armor
37:56 Arson
38:34 Garland Wars
44:43 Iron Casting
44:27 Chain Mail Armor
44:34 Hand Cart
57:27 Blast Furnace
56:59 Plate Mail Armor
McNulty
11:36 Feudal Age
16:22 Castle Age
14:44 Double-Bit Axe
15:58 Gold Mining
17:07 Fletching
17:35 Bow Saw
17:26 Horse Collar
19:51 Bodkin Arrow
24:36 Padded Archer Armor
30:02 Bloodlines
29:52 Husbandry
30:07 Loom
30:57 Wheelbarrow
30:08 Town Watch
33:34 Imperial Age
31:06 Husbandry
31:19 Scale Barding Armor
32:48 Chain Barding Armor
34:00 Heavy Plow
36:19 Two-Man Saw
38:46 Gold Shaft Mining
38:02 Stone Mining
39:21 Hand Cart
39:42 Bloodlines
38:53 Cavalier
40:10 Plate Barding Armor
39:46 Forging
40:18 Paladin
42:38 Iron Casting
43:04 Conscription
43:54 Bracer
44:54 Blast Furnace
45:24 Bracer
46:40 Parthian Tactics
45:35 Heavy Cavalry Archer
46:21 Thumb Ring
46:34 Leather Archer Armor
47:46 Capped Ram
52:24 Light Cavalry
54:21 Hussar
55:08 Siege Ram
60:49 Caravan
Connection lost

Rejoining the realm…

Still unreachable

The connection could not be restored.

Session expired

The server has moved on; the page needs a fresh start.